 Dungeon Crawl Stone Soup version 0.14-a0-3367-g7c2a7eb (webtiles) character file.

191883 4tharraofdagon the Stickfighter (level 17, -8/135 HPs)
             Began as a Demonspawn Gladiator on Mar 19, 2014.
             Was an Elder of Cheibriados.
             Killed by divine providence
             ... invoked by a daeva
              (14 damage)
             ... on Level 1 of the Abyss.
             The game lasted 02:10:21 (14943 turns).

4tharraofdagon the Stickfighter (DsGl)             Turns: 14943, Time: 02:10:21

HP  -8/135       AC 32     Str 35 (36) XL: 17   Next: 57%
MP  34/34        EV 24     Int 15 (18) God: Cheibriados [****..]
Gold 545         SH  0     Dex 29      Spells:  5 memorised, 17 levels left

rFire  + . .     SeeInvis +     q - +3 lajatang
rCold  + + .     Clarity  +     C - +3 crystal plate armour of the Onion {rElec rF+}
rNeg   + . .     Conserve .     (no shield)
rPois  +         rCorr    .     V - +2 helmet {SInv}
rElec  +         rRot     .     g - +3 cloak of Flash {+Fly EV+4}
SustAb . .       Spirit   .     R - +2 pair of gloves {rC+}
rMut   .         Warding  .     (boots unavailable)
Saprov . . .     Stasis   .     u - amulet of clarity
MR     +....                    y - ring "Xieck" {rPois rC+ rN+}
                                s - ring of Gluttony {Regen Str+5 Int-3}

@: agile, glowing, very slow, somewhat resistant to hostile enchantments,
extremely unstealthy
A: hooves 3, slimy green scales 2, berserk 1, deformed body, powered by death 3,
powered by pain 1
a: Bend Time, Temporal Distortion, Slouch, Renounce Religion, Evoke Flight
}: 1/15 runes: gossamer


You were on level 1 of the Abyss.
You worshipped Cheibriados.
Cheibriados was greatly pleased with you.
You were very hungry.

You visited 6 branches of the dungeon, and saw 33 of its levels.
You visited the Abyss 2 times.
You visited 1 bazaar.
You also visited: Bailey and Ice Cave.

You collected 2859 gold pieces.
You spent 2314 gold pieces at shops.

Inventory:

Hand weapons
 q - a +3,+3 lajatang (weapon)
Missiles
 h - 18 darts of dispersal (quivered)
 m - 3 throwing nets
Armour
 g - the +3 cloak of Flash (worn) {+Fly EV+4}
   (You bought it in a shop in a bazaar)

   It affects your evasion (+4).
   It lets you fly.
 C - the +3 crystal plate armour of the Onion (worn) {rElec rF+}
   (You found it in a bailey)

   It protects you from fire.
   It insulates you from electricity.
 Q - a +2 helmet of cold resistance
 R - a +2 pair of gloves of cold resistance (worn)
 V - a +2 helmet of see invisible (worn)
Magical devices
 i - a wand of lightning (1)
 j - a wand of enslavement (10)
 k - a wand of paralysis (13)
 p - a wand of paralysis (13)
 B - a wand of disintegration (3)
 G - a wand of disintegration (11)
 J - a wand of lightning (0)
 P - a wand of digging (10)
 U - a wand of cold (0)
 Y - a wand of fireball (3)
Comestibles
 a - 3 pieces of ambrosia
 f - 10 bread rations
 t - 11 meat rations
 w - a royal jelly
Scrolls
 b - 5 scrolls of teleportation
 c - 2 scrolls of summoning
 d - 5 scrolls of remove curse
 r - 4 scrolls of fog
 x - 2 scrolls of fear
 F - a scroll of magic mapping
 I - a scroll of enchant armour
 L - 2 scrolls of blinking
 N - a scroll of identify
Jewellery
 l - an uncursed ring of sustain abilities
 n - an uncursed amulet of conservation
 s - the ring of Gluttony (left hand) {Regen Str+5 Int-3}
   (You bought it in a shop on level 4 of the Orcish Mines)

   [ring of regeneration]

   It affects your strength (+5).
   It affects your intelligence (-3).
 u - an amulet of clarity (around neck)
 v - an uncursed ring of teleportation
 y - the ring "Xieck" (right hand) {rPois rC+ rN+}
   (You found it on level 5 of the Dungeon)

   [ring of protection from cold]

   It protects you from poison.
   It protects you from negative energy.
 A - a +4 ring of intelligence
 D - an uncursed ring of fire
Potions
 e - a potion of magic
 H - 3 potions of invisibility
 M - a potion of agility
 S - a potion of resistance
 W - 4 potions of curing
 X - a potion of porridge
 Z - 3 potions of restore abilities
Books
 o - a Grand Grimoire {highlevel}

   This book is beyond your current level of understanding.

   Spells                             Type                      Level
   Aura of Abjuration                 Summoning                    6
   Forceful Dismissal                 Summoning                    6
   Haunt                              Necromancy/Summoning         7
   Summon Greater Demon               Summoning                    7
   Malign Gateway                     Summoning/Translocation      7
   Summon Horrible Things             Summoning                    8
 E - a Necronomicon {highlevel, unknown}

   This book is beyond your current level of understanding.

   Spells                             Type                      Level
   Haunt                              Necromancy/Summoning         7
   Borgnjor's Revivification          Necromancy                   8
   Death's Door                       Charms/Necromancy            8
   Necromutation                      Transmutation/Necromancy     8
Miscellaneous
 z - a fan of gales


   Skills:
 + Level 12.9 Fighting
 * Level 16.3 Staves
 - Level 1.7 Throwing
 + Level 11.7 Armour
 - Level 10.1 Dodging
 - Level 7.0 Spellcasting
 - Level 6.4 Translocations
 + Level 15.4 Invocations
 - Level 8.0 Evocations


You had 17 spell levels left.
You knew the following spells:

 Your Spells              Type           Power        Failure   Level  Hunger
a - Blink                 Tloc           N/A          28%         2    None
b - Repel Missiles        Chrm/Air       #.....       100%        2    None
c - Apportation           Tloc           ###.......   17%         1    None
d - Phase Shift           Tloc           ###.......   100%        5    #####..
e - Flight                Chrm/Air       #.........   100%        3    ##.....


Dungeon Overview and Level Annotations

Branches:
Dungeon (12/15)            Temple (1/1) D:6             Orc (4/4) D:12
    Elf (3/3) Orc:3          Lair (8/8) D:10          Swamp (0/5) Lair:6
 Spider (5/5) Lair:5        Slime (0/6) Lair:6

Altars:
Ashenzari
Cheibriados
Dithmenos
Elyvilon
Fedhas
Kikubaaqudgha
Makhleb
Nemelex Xobeh
Sif Muna
Trog
Vehumet
Xom
Yredelemnul
Zin
Beogh

Shops:
D:8 (   Orc:4 *=((=   Elf:3 =

Annotations:
Orc:4 WIZARDRY+RMUT
Spider:2 Jorgrun


Innate Abilities, Weirdness & Mutations

You have hooves in place of feet.
You are mostly covered in slimy green scales (AC +3).
You can steal the life force of all defeated enemies in sight.
You sometimes gain a little power by taking damage.
You tend to lose your temper in combat.
Armour fits poorly on your strangely shaped body.


Message History

You feel much better. The Hell Sentinel gestures at you.
The hellfire explodes!
The blast of hellfire engulfs you!
* * * LOW HITPOINT WARNING * * *
The blast of hellfire engulfs the Hell Sentinel.
The Hell Sentinel completely resists.
The daeva calls down the wrath of the Shining One upon you.
Something smites you!
* * * LOW HITPOINT WARNING * * *
Unknown command.
Unknown command.
Drink which item? (? for menu, Esc to quit)
You feel much better. The Hell Sentinel hits you!
* * * LOW HITPOINT WARNING * * *
You focus on the pain.
You feel agile all of a sudden. The Hell Sentinel closely misses you.
The daeva calls down the wrath of the Shining One upon you.
Something smites you!
You die...

#. .# #.#((#
. # .. #..#
.##. . ..#
..# #
##..... ..#.
##..###. . .
#..# # . ..
##.## . #.
#.# .. .#..#
# ##@#
#.......#1.#
.....#. .
#XA## # #.
#.#.##.ยง.#
#. #.X# .#.#
#. ...X ##
.# . .. . #
### .#..


You could see 3 starcursed masses, a Hell Sentinel and a daeva.

Vanquished Creatures
  A profane servitor (Abyss:2)
  A tentacled monstrosity (Abyss:1)
  A deep elf master archer (Elf:3)
  A quicksilver dragon (Abyss:4)
  8 tentacled starspawn
  3 emperor scorpions (Spider:5)
  A cacodemon (Abyss:3)
  3 ghost moths (Spider:5)
  8 deep elf sorcerers (Elf:3)
  An orc warlord (Orc:4)
  2 deep elf demonologists (Elf:3)
  A stone giant (Abyss:1)
  2 deep elf annihilators (Elf:3)
  A white draconian (Abyss:2)
  3 deep elf death magi (Elf:3)
  5 deep elf high priests (Elf:3)
  Harold (Orc:3)
  Josephine (D:11)
  3 hydras
  A deep dwarf death knight (Abyss:1)
  21 large abominations
  11 death yaks
  2 hell hogs (Abyss:4)
  3 thrashing horrors (Abyss:2)
  3 wretched stars
  A skeletal warrior (D:11)
  6 deep elf knights
  A shadow wraith (Abyss:4)
  A catoblepas (Lair:6)
  The ghost of Kae the Bludgeoner, an experienced MiFi of Okawaru (Bailey)
  A spatial maelstrom (Abyss:4)
  An unseen horror (D:11)
  11 orb spiders
  An ice statue (IceCv)
  A hill giant (D:11)
  A necromancer (IceCv)
  A griffon (Lair:8)
  A giant orange brain (Abyss:4)
  5 deep elf conjurers
  A lindwurm (Lair:8)
  4 orc sorcerers
  A salamander (Abyss:2)
  A cyclops (D:12)
  11 orc knights
  18 wolf spiders
  A worldbinder (Abyss:4)
  3 red wasps
  A moth of wrath (Spider:5)
  A salamander (shapeshifter) (Abyss:4)
  A guardian serpent (Abyss:2)
  An apocalypse crab (Abyss:2)
  A naga mage (Abyss:2)
  5 black mambas
  4 smoke demons (Abyss:4)
  A queen ant (Lair:2)
  2 orange demons
  An efreet (Abyss:2)
  An item mimic (D:10)
  22 jumping spiders
  7 spiny frogs
  3 demonic crawlers
  2 deep elf priests (Elf:3)
  4 ancient zymes
  A troll (shapeshifter) (Abyss:4)
  7 komodo dragons
  3 giant fireflies (Lair:8)
  3 trolls
  8 blink frogs
  10 freezing wraiths (IceCv)
  5 raiju
  2 trapdoor spider zombies
  3 giant leeches (Lair:8)
  A hydra skeleton (D:11)
  A basilisk (Lair:6)
  2 fire dragon skeletons
  16 trapdoor spiders
  32 redbacks
  A starcursed mass (Abyss:4)
  2 flying skulls (D:11)
  9 deep elf magi
  A spriggan (D:9)
  2 shadows (D:11)
  3 ynoxinuls
  20 tarantellas
  10 sharks
  7 hippogriffs
  Eustachio (D:8)
  2 vampire mosquitoes (D:12)
  A wyvern (Lair:7)
  17 yaks
  6 elephant slugs
  A chaos spawn (Abyss:2)
  11 deep elf fighters
  A golden eye (Abyss:4)
  A death yak simulacrum (IceCv)
  2 grizzly bears
  2 nagas (Abyss:2)
  11 porcupines
  4 neqoxecs
  5 soldier ants (Lair:2)
  4 necrophages
  10 water moccasins
  A tengu skeleton (D:10)
  8 wargs (Orc:4)
  44 orc warriors
  A black bear (Lair:3)
  2 sky beasts
  24 spiders
  A dwarf (D:7)
  A manticore zombie (D:12)
  15 ice beasts
  A fire dragon simulacrum (Abyss:3)
  3 centaurs
  7 giant goldfish
  14 ogres
  12 small abominations
  A boring beetle (Spider:1)
  3 big kobolds
  16 crocodiles
  14 giant slugs
  8 giant frogs
  4 brain worms (Lair:8)
  A wyvern zombie (D:11)
  A water moccasin skeleton (D:11)
  11 wights
  5 scorpions
  A yak zombie (D:11)
  An elephant simulacrum (IceCv)
  A yak skeleton (D:11)
  9 killer bees (Spider:5)
  3 goliath beetles
  8 crimson imps
  2 electric eels
  2 giant frog zombies
  An iron imp (Abyss:2)
  5 draconian simulacra (IceCv)
  3 jellies
  Crazy Yiuf (D:2)
  An elf zombie (D:11)
  5 hounds
  6 iguanas
  A quasit (Abyss:2)
  5 big fish
  16 orc priests
  25 orc wizards
  3 giant frog skeletons (D:11)
  28 worker ants
  2 spriggan simulacra (IceCv)
  15 sheep
  3 polar bear simulacra
  4 wolf simulacra
  3 troll simulacra (IceCv)
  3 centaur simulacra (IceCv)
  A sky beast zombie (D:6)
  2 ogre skeletons (D:11)
  3 yak simulacra (D:9)
  39 green rats
  16 adders
  6 naga simulacra (IceCv)
  A scorpion zombie (D:11)
  14 white imps
  2 shadow imps
  A goliath beetle zombie (D:11)
  A giant mite (Spider:5)
  20 worms
  3 ufetubi (Abyss:4)
  4 orc zombies
  A giant eyeball (D:5)
  2 giant geckos
  6 oozes
  160 orcs
  15 goblins
  10 hobgoblins
  4 jackals
  29 kobolds
  14 quokkas
  A ball python (D:2)
  12 bats
  5 giant cockroaches
  5 giant newts
  A giant spore (D:11)
  3 green rat simulacra (D:9)
  5 orc skeletons
  A quokka skeleton (D:7)
  11 rats
  A rat zombie (D:7)
  3 ballistomycetes (D:11)
  5 crawling corpses (Elf:3)
  4 fungi
  A plant (Lair:8)
  2 starspawn tentacles
  A tentacle (Abyss:4)
1216 creatures vanquished.

Vanquished Creatures (collateral kills)
  A cyclops (D:10)
  A basilisk (Lair:7)
  A giant frog (Lair:7)
  An adder (Lair:7)
4 creatures vanquished.

Vanquished Creatures (others)
  A necromancer (D:9)
  3 air elementals
  A deep elf mage (Elf:2)
  A yak (Lair:6)
  A hippogriff (Lair:3)
  A worker ant zombie (Lair:2)
  A naga simulacrum (IceCv)
  A lurking horror (Abyss:4)
  A rat (D:7)
  A butterfly (Lair:7)
  2 fungi
  A plant (Lair:7)
  22 starspawn tentacles
  96 starspawn tentacle segments
  11 tentacles (Abyss:4)
  29 tentacle segments (Abyss:4)
173 creatures vanquished.

Grand Total: 1393 creatures vanquished

Notes
Turn   | Place    | Note
--------------------------------------------------------------
     0 | D:1      | 4tharraofdagon, the Demonspawn Gladiator, began the quest for the Orb.
     0 | D:1      | Reached XP level 1. HP: 16/16 MP: 1/1
   125 | D:1      | Found a shimmering altar of Xom.
   156 | D:1      | Reached skill level 3 in Staves
   156 | D:1      | Gained mutation: You have large cloven feet. [demonic ancestry]
   156 | D:1      | Reached XP level 2. HP: 9/22 MP: 2/2
   241 | D:2      | Noticed Crazy Yiuf
   253 | D:2      | Killed Crazy Yiuf
   253 | D:2      | Reached XP level 3. HP: 19/28 MP: 3/3
   412 | D:2      | Reached skill level 1 in Armour
   427 | D:2      | Reached XP level 4. HP: 20/34 MP: 4/4
   628 | D:5      | Entered Level 5 of the Dungeon
   762 | D:4      | Noticed an ogre
   766 | D:4      | Killed an ogre
   766 | D:4      | Reached skill level 4 in Staves
   766 | D:4      | Gained mutation: You can steal the life force of nearby defeated enemies. [demonic ancestry]
   766 | D:4      | Reached XP level 5. HP: 36/41 MP: 5/5
   897 | D:5      | Noticed a centaur
   911 | D:5      | Killed a centaur
   911 | D:5      | Gained mutation: You are partially covered in slimy green scales (AC +2). [demonic ancestry]
   911 | D:5      | Reached XP level 6. HP: 38/47 MP: 6/6
   943 | D:5      | Got a crude ivory ring
   947 | D:5      | Identified the ring "Xieck" {rPois rC+ rN+} (You found it on level 5 of the Dungeon)
  1064 | D:6      | Got a steaming long sword
  1112 | D:6      | Found a staircase to the Ecumenical Temple.
  1122 | Temple   | Entered the Ecumenical Temple
  1190 | Temple   | Became a worshipper of Cheibriados the Contemplative
  1262 | D:6      | Found a white marble altar of Elyvilon.
  1305 | D:6      | Was placed under penance by Cheibriados
  1314 | D:6      | Found an ancient bone altar of Kikubaaqudgha.
  1502 | D:7      | Was forgiven by Cheibriados
  1506 | D:7      | Reached skill level 1 in Invocations
  1531 | D:7      | Reached skill level 5 in Staves
  1568 | D:7      | Found an ancient bone altar of Kikubaaqudgha.
  1627 | D:7      | Reached XP level 7. HP: 45/53 MP: 8/8
  1721 | D:7      | Noticed Ijyb
  1742 | D:7      | Noticed Ijyb
  1742 | D:7      | Ijyb changed into Ijyb the dwarf
  1748 | D:7      | Killed Ijyb the dwarf
  1766 | D:6      | Paralysed by a giant eyeball for 4 turns
  1910 | D:6      | Gained mutation: You have hoof-like feet. [demonic ancestry]
  1910 | D:6      | Reached XP level 8. HP: 53/61 MP: 13/13
  1934 | D:5      | Noticed a water moccasin
  1940 | D:5      | Killed a water moccasin
  1940 | D:5      | Reached skill level 6 in Staves
  2191 | D:8      | Was placed under penance by Cheibriados
  2204 | D:8      | Was forgiven by Cheibriados
  2206 | D:8      | Noticed Eustachio
  2219 | D:8      | Killed Eustachio
  2296 | D:8      | Found Wighunol's Weapon Emporium.
  2480 | D:9      | Reached skill level 5 in Fighting
  2480 | D:9      | Reached skill level 5 in Dodging
  2579 | D:9      | Reached skill level 7 in Staves
  2579 | D:9      | Reached skill level 5 in Invocations
  2579 | D:9      | Gained mutation: You are mostly covered in slimy green scales (AC +3). [demonic ancestry]
  2579 | D:9      | Reached XP level 9. HP: 60/68 MP: 17/17
  2597 | D:9      | Noticed a necromancer
  2601 | D:9      | Killed a necromancer
  2662 | D:9      | Acquired Cheibriados' first power
  2914 | D:10     | Entered Level 10 of the Dungeon
  2981 | D:10     | Noticed a cyclops
  2995 | D:10     | Killed a cyclops
  3010 | D:10     | Reached skill level 8 in Staves
  3010 | D:10     | Reached skill level 1 in Evocations
  3012 | D:10     | Reached skill level 5 in Armour
  3030 | D:10     | Acquired Cheibriados' second power
  3050 | D:10     | Reached XP level 10. HP: 63/76 MP: 20/20
  3088 | D:10     | Found a staircase to the Lair.
  3208 | D:10     | Acquired Cheibriados' third power
  3265 | D:10     | Was placed under penance by Cheibriados
  3271 | D:10     | Was forgiven by Cheibriados
  3307 | D:10     | Got a steaming long sword
  3410 | Lair:1   | Entered Level 1 of the Lair of Beasts
  3556 | Lair:1   | Reached skill level 9 in Staves
  3619 | Lair:1   | Noticed a black mamba
  3626 | Lair:1   | Killed a black mamba
  3762 | Lair:2   | Was placed under penance by Cheibriados
  3767 | Lair:2   | Was forgiven by Cheibriados
  3789 | Lair:2   | Was placed under penance by Cheibriados
  3790 | Lair:2   | Was forgiven by Cheibriados
  3804 | Lair:2   | Was placed under penance by Cheibriados
  3805 | Lair:2   | Reached XP level 11. HP: 80/83 MP: 22/22
  3807 | Lair:2   | Was forgiven by Cheibriados
  3825 | Lair:2   | Noticed a black mamba
  3834 | Lair:2   | Killed a black mamba
  4009 | Lair:2   | Was placed under penance by Cheibriados
  4018 | Lair:2   | Was forgiven by Cheibriados
  4208 | Lair:3   | Learned a level 2 spell: Blink
  4211 | Lair:3   | Learned a level 2 spell: Repel Missiles
  4243 | Lair:3   | Reached skill level 1 in Spellcasting
  4252 | Lair:3   | Noticed an eight-headed hydra
  4253 | Lair:3   | Noticed an eight-headed hydra
  4259 | Lair:3   | Killed an eight-headed hydra
  4259 | Lair:3   | Killed an eight-headed hydra
  4291 | Lair:3   | Reached skill level 10 in Staves
  4308 | Lair:3   | Got a bloodstained scale mail
  4455 | Lair:4   | Reached skill level 5 in Evocations
  4535 | Lair:4   | Noticed a death yak
  4536 | Lair:4   | Noticed a death yak
  4537 | Lair:4   | Noticed a death yak
  4540 | Lair:4   | Noticed a death yak
  4552 | Lair:4   | Killed a death yak
  4555 | Lair:4   | Noticed a death yak
  4562 | Lair:4   | Noticed a death yak
  4564 | Lair:4   | Killed a death yak
  4568 | Lair:4   | Killed a death yak
  4571 | Lair:4   | Killed a death yak
  4571 | Lair:4   | Reached XP level 12. HP: 65/92 MP: 25/25
  4576 | Lair:4   | Killed a death yak
  4582 | Lair:4   | Killed a death yak
  4742 | Lair:5   | Was placed under penance by Cheibriados
  4744 | Lair:5   | Was forgiven by Cheibriados
  4792 | Lair:5   | Found a hole to the Spider Nest.
  4955 | Lair:6   | Found a frozen archway.
  5048 | IceCv    | Entered an ice cave
  5110 | IceCv    | Was placed under penance by Cheibriados
  5111 | IceCv    | Was forgiven by Cheibriados
  5142 | IceCv    | Was placed under penance by Cheibriados
  5143 | IceCv    | Was forgiven by Cheibriados
  5169 | IceCv    | Reached skill level 11 in Staves
  5172 | IceCv    | Reached skill level 10 in Invocations
  5446 | IceCv    | Learned a level 1 spell: Apportation
  5465 | IceCv    | Was placed under penance by Cheibriados
  5467 | IceCv    | Was forgiven by Cheibriados
  5510 | IceCv    | Found an ancient bone altar of Kikubaaqudgha.
  5762 | Lair:6   | Gained mutation: Your mind is acute. (Int +2) [potion of mutation]
  5762 | Lair:6   | Lost mutation: Your mind is acute. (Int +2) [potion of mutation]
  5762 | Lair:6   | Gained mutation: You have a pair of small horns on your head. [potion of mutation]
  5764 | Lair:6   | Lost mutation: You have a pair of small horns on your head. [potion of cure mutation]
  5830 | Lair:6   | Found a staircase to the Swamp.
  5850 | Lair:6   | Reached skill level 1 in Translocations
  5862 | Lair:6   | Found a staircase to the Slime Pits.
  5917 | Lair:6   | Gained mutation: You have hooves in place of feet. [demonic ancestry]
  5917 | Lair:6   | Reached XP level 13. HP: 85/101 MP: 25/27
  6328 | Lair:8   | Entered Level 8 of the Lair of Beasts
  6905 | Lair:8   | Reached skill level 12 in Staves
  7171 | Spider:1 | Entered Level 1 of the Spider Nest
  7178 | Spider:1 | Reached skill level 5 in Spellcasting
  7362 | Spider:1 | Identified the cursed -4 scale mail "Biarinot" {Str+2 Int-2} (You found it on level 3 of the Lair of Beasts)
  7421 | Spider:1 | Reached XP level 14. HP: 83/109 MP: 19/28
  7517 | Spider:2 | Noticed Jorgrun
  7867 | Spider:4 | Reached skill level 10 in Fighting
  7996 | Spider:4 | Learned a level 5 spell: Phase Shift
  7997 | Spider:5 | Entered Level 5 of the Spider Nest
  8609 | Spider:5 | Reached skill level 13 in Staves
  8812 | Spider:5 | Killed a ghost moth
  9008 | Spider:5 | Gained mutation: You can steal the life force of defeated enemies. [demonic ancestry]
  9008 | Spider:5 | Reached XP level 15. HP: 95/117 MP: 19/30
  9030 | Spider:5 | Killed a ghost moth
  9030 | Spider:5 | Reached skill level 5 in Translocations
  9045 | Spider:5 | Noticed an emperor scorpion
  9064 | Spider:5 | Noticed an emperor scorpion
  9068 | Spider:5 | Killed an emperor scorpion
  9083 | Spider:5 | Killed an emperor scorpion
  9088 | Spider:5 | Noticed an emperor scorpion
  9103 | Spider:5 | Killed an emperor scorpion
  9113 | Spider:5 | Killed a ghost moth
  9143 | Spider:5 | Got a gossamer rune of Zot
  9342 | Spider:2 | Learned a level 3 spell: Flight
  9379 | Spider:1 | Identified a scroll of acquirement
  9791 | D:11     | Noticed Josephine
  9797 | D:11     | Killed Josephine
  9822 | D:11     | Reached skill level 10 in Dodging
  9899 | D:11     | Found a flagged portal.
  9909 | Bailey   | Entered a bailey
  9922 | Bailey   | Noticed Kae's ghost (experienced MiFi)
  9932 | Bailey   | Killed Kae's ghost
 10038 | Bailey   | Got a steaming crystal plate armour
 10157 | D:11     | Identified the +3 crystal plate armour of the Onion {rElec rF+} (You found it in a bailey)
 10311 | D:12     | Found a flickering gateway to a bazaar.
 10375 | Bazaar   | Entered a bazaar
 10375 | Bazaar   | Found Efut Nagu's Distillery.
 10375 | Bazaar   | Found Qunew's Antique Armour Emporium.
 10380 | Bazaar   | Found Kheppim's Assorted Antiques.
 10392 | Bazaar   | Found Senki's Jewellery Shoppe.
 10411 | Bazaar   | Bought the +3 cloak of Flash {+Fly EV+4} for 1089 gold pieces
 10421 | Bazaar   | Bought a potion of heal wounds for 54 gold pieces
 10426 | Bazaar   | Bought an uncursed amulet of conservation for 240 gold pieces
 10474 | D:12     | Found a staircase to the Orcish Mines.
 10711 | Orc:1    | Entered Level 1 of the Orcish Mines
 10965 | Orc:3    | Found a staircase to the Elven Halls.
 11274 | Orc:3    | Noticed Harold
 11284 | Orc:3    | Killed Harold
 11362 | Orc:4    | Entered Level 4 of the Orcish Mines
 11438 | Orc:4    | Found a bloodstained altar of Trog.
 11496 | Orc:4    | Found Tyclefat's Weapon Shoppe.
 11496 | Orc:4    | Found Cupleiti's Jewellery Boutique.
 11499 | Orc:4    | Reached skill level 10 in Armour
 11589 | Orc:4    | Found a roughly hewn altar of Beogh.
 11666 | Orc:4    | Found Qab Tuuc's Assorted Antiques.
 11689 | Orc:4    | Found Oneuxku's Jewellery Boutique.
 11724 | Orc:4    | Bought the ring of Gluttony {Regen Str+5 Int-3} for 576 gold pieces
 12017 | Orc:4    | Reached skill level 14 in Staves
 12050 | Orc:4    | Found Soxzas' Antique Weapon Boutique.
 12057 | Orc:4    | Paralysed by an orc sorcerer for 2 turns
 12438 | Orc:4    | Bought a scroll of enchant weapon I for 108 gold pieces
 12438 | Orc:4    | Bought a scroll of magic mapping for 108 gold pieces
 12438 | Orc:4    | Bought a buckler for 139 gold pieces
 12484 | Elf:1    | Entered Level 1 of the Elven Halls
 12585 | Elf:3    | Entered Level 3 of the Elven Halls
 12686 | Elf:3    | Gained mutation: You can steal the life force of all defeated enemies in sight. [demonic ancestry]
 12686 | Elf:3    | Reached XP level 16. HP: 107/125 MP: 9/31
 12738 | Elf:3    | Found Bluozosch's Jewellery Boutique.
 12804 | Elf:2    | Found a burning altar of Makhleb.
 13146 | Elf:3    | Cast into the Abyss (deep elf sorcerer)
 13146 | Abyss:1  | Found a corrupted altar of Lugonu.
 13485 | Abyss:2  | Noticed a profane servitor
 13513 | Abyss:2  | Killed a profane servitor
 13578 | Abyss:2  | Noticed a tentacled starspawn
 13585 | Abyss:2  | Killed a tentacled starspawn
 13585 | Abyss:2  | Reached skill level 15 in Staves
 13607 | Abyss:2  | Gained mutation: Armour fits poorly on your strangely shaped body. [a neqoxec]
 13612 | Abyss:2  | Gained mutation: Your body is slowly deteriorating. [a neqoxec]
 13675 | Abyss:2  | Gained mutation: Your magical capacity is low (-10% MP). [a neqoxec]
 13776 | Abyss:3  | Gained mutation: You have a fast metabolism. [a cacodemon]
 13809 | Abyss:3  | Noticed a tentacled starspawn
 13817 | Abyss:3  | Killed a tentacled starspawn
 13846 | Abyss:4  | Noticed a tentacled starspawn
 13853 | Abyss:4  | Killed a tentacled starspawn
 14060 | Abyss:4  | Noticed a quicksilver dragon
 14069 | Abyss:4  | Noticed a tentacled starspawn
 14070 | Abyss:4  | Killed a quicksilver dragon
 14082 | Abyss:4  | Killed a tentacled starspawn
 14105 | Abyss:4  | Noticed a tentacled starspawn
 14116 | Abyss:4  | Killed a tentacled starspawn
 14116 | Abyss:4  | Gained mutation: You sometimes gain a little power by taking damage. [demonic ancestry]
 14116 | Abyss:4  | Reached XP level 17. HP: 94/133 MP: 29/29
 14276 | Abyss:4  | Noticed a hellephant
 14313 | Abyss:4  | WTF
 14397 | Abyss:4  | Noticed a hellephant
 14481 | Abyss:4  | Found a corrupted altar of Lugonu.
 14487 | Abyss:4  | Found a corrupted altar of Lugonu.
 14500 | Abyss:4  | Gained mutation: Your magical capacity is very low (-20% MP). [a neqoxec]
 14510 | Abyss:4  | Gained mutation: You tend to lose your temper in combat. [a neqoxec]
 14511 | Abyss:5  | Entered Level 5 of the Abyss
 14547 | Elf:3    | Escaped the Abyss
 14549 | Elf:3    | Noticed a deep elf master archer
 14558 | Elf:3    | Lost mutation: Your body is slowly deteriorating. [potion of cure mutation]
 14558 | Elf:3    | Lost mutation: You have a fast metabolism. [potion of cure mutation]
 14558 | Elf:3    | Lost mutation: Your magical capacity is very low (-20% MP). [potion of cure mutation]
 14558 | Elf:3    | Lost mutation: Your magical capacity is low (-10% MP). [potion of cure mutation]
 14590 | Elf:3    | Killed a deep elf master archer
 14590 | Elf:3    | Reached skill level 15 in Invocations
 14607 | Elf:3    | Reached skill level 16 in Staves
 14845 | Elf:3    | Cast into the Abyss (deep elf sorcerer)
 14880 | Abyss:1  | Noticed a tentacled monstrosity
 14880 | Abyss:1  | Noticed a bone dragon
 14918 | Abyss:1  | Killed a tentacled monstrosity
 14921 | Abyss:1  | Noticed a Hell Sentinel
 14942 | Abyss:1  | HP: 2/135 [daeva/divine providence (12)]
 14943 | Abyss:1  | Killed from afar by a daeva

Action                   |  1- 3 |  4- 6 |  7- 9 | 10-12 | 13-15 | 16-18 || total
-------------------------+-------+-------+-------+-------+-------+-------++-------
Melee: Quarterstaff      |    69 |   104 |   236 |   686 |    37 |       ||  1132
       Lajatang          |       |       |       |       |  1330 |   519 ||  1849
Throw: Throwing net      |     1 |     7 |       |       |       |       ||     8
       Dart              |       |     3 |       |       |       |       ||     3
 Cast: Flight            |       |       |       |       |     2 |       ||     2
       Apportation       |       |       |       |       |       |     1 ||     1
Invok: Slouch            |       |       |       |     4 |    34 |       ||    38
       Temporal Distorti |       |       |       |       |    10 |    10 ||    20
       Step From Time    |       |       |       |       |       |     4 ||     4
 Abil: Evoke Teleportati |       |       |       |       |     2 |       ||     2
Evoke: Wand              |       |     1 |    11 |     5 |    26 |    11 ||    54
       Fan of gales      |       |       |     1 |       |     2 |     1 ||     4
  Use: Scroll            |       |    13 |     2 |     9 |    25 |     4 ||    53
       Potion            |       |     1 |       |     3 |     3 |    11 ||    18
 Stab: Held in net/web   |       |     1 |       |       |       |       ||     1
       Paralysed         |       |       |     1 |     9 |     2 |       ||    12
       Distracted        |       |       |     1 |       |       |       ||     1
       Petrifying        |       |       |     2 |     3 |       |       ||     5
       Confused          |       |       |       |     3 |     2 |       ||     5
       Petrified         |       |       |       |     1 |       |       ||     1
